 Dungeon Crawl Stone Soup version 0.28.0-45-g0d030f2227 (webtiles) character file.

Game seed: 14010470219828586117

8780 DearestLeader the Blocker (level 11, -1/71 HPs)
             Began as a Gnoll Fighter on Apr 1, 2022.
             Was a Plaything of Xom.
             Succumbed to a cane toad's poison
             ... on level 2 of the Lair of Beasts.
             The game lasted 00:17:15 (11164 turns).

DearestLeader the Blocker (Gnoll Fighter)          Turns: 11164, Time: 00:17:15

Health: -1/71      AC: 13    Str: 19      XL:     11   Next: 36%
Magic:  22/22      EV: 12    Int:  4 (6)  God:    Xom [......]
Gold:   410        SH: 12    Dex: 20      Spells: 22/22 levels left

rFire   + . .      SeeInvis .   u - +4 scimitar of Greed {venom, rN+}
rCold   x . .      Faith    .   o - +0 kite shield {reflect}
rNeg    + . .      Spirit   .   b - +0 scale mail
rPois   +          Reflect  +   c - +0 helmet of the Iron Devil {Rampage rPois rF+ rC-}
rElec   .          Harm     .   L - +2 cloak {Will+}
rCorr   +          Rampage  +   (no gloves)
Will    +....                   (no boots)
Stlth   ++........              (no amulet)
HPRegen 0.21/turn               J - ring of the Burgomaster {Fly rCorr Dex+2}
MPRegen 0.18/turn               D - +6 ring of dexterity

@: lethally poisoned (-1 -> -11), about to teleport, flying, studying Shields
A: fangs 1, strong nose, distributed training, deterioration 2, dopey 1, frail
2, high MP 1, MP-powered wands
a: Renounce Religion


You were on level 2 of the Lair of Beasts.
You worshipped Xom.
You were a very special plaything of Xom.
You visited 3 branches of the dungeon, and saw 12 of its levels.

You collected 1360 gold pieces.
You spent 950 gold pieces at shops.

Inventory:

Hand Weapons
 a - a +1 war axe
 u - the +4 scimitar of Greed (weapon) {venom, rN+}
   (You found it on level 4 of the Dungeon)

   It poisons the flesh of those it strikes.
   rN:        It protects you from negative energy.
Missiles
 d - 3 throwing nets (quivered)
 n - 69 sling bullets
Armour
 b - a +0 scale mail (worn)
 c - the +0 helmet of the Iron Devil (worn) {Rampage rPois rF+ rC-}
   (Xom gifted it to you on level 5 of the Dungeon)

   rF:        It protects you from fire.
   rC:        It makes you vulnerable to cold.
   rPois:     It protects you from poison.
   Rampage:   It bestows one free step when moving towards enemies.
 o - a +0 kite shield of reflection (worn)
 L - a +2 cloak of willpower (worn)
Jewellery
 i - a ring of resist corrosion
 D - a +6 ring of dexterity (right hand)
 J - the ring of the Burgomaster (left hand) {Fly rCorr Dex+2}
   (Xom gifted it to you on level 8 of the Dungeon)

   [ring of flight]

   Dex:       It affects your dexterity (+2).
   Fly:       It grants you flight.
   rCorr:     It protects you from acid and corrosion.
Wands
 h - a wand of acid (4)
 v - a wand of charming (10)
 w - a wand of flame (16)
 A - a wand of iceblast (19)
 H - a wand of paralysis (6)
 M - a wand of digging (5)
Scrolls
 f - 3 scrolls of fog
 g - 6 scrolls of enchant weapon
 k - 2 scrolls of torment
 q - 2 scrolls of fear
 r - a scroll of amnesia
 t - 2 scrolls of teleportation
 y - 4 scrolls of immolation
 F - a scroll of blinking
 G - a scroll of brand weapon
Potions
 e - a potion of invisibility
 j - 2 potions of brilliance
 p - a potion of flight
 x - a potion of degeneration {unknown}
 z - 5 potions of attraction
 B - 2 potions of mutation {unknown}
 C - a potion of might
 I - 2 potions of curing {unknown}
 K - a potion of resistance {unknown}


   Skills:
 + Level 9.1 Fighting
 + Level 6.2 Short Blades
 + Level 6.2 Long Blades
 + Level 7.8 Axes
 + Level 6.2 Maces & Flails
 + Level 6.2 Polearms
 + Level 6.2 Staves
 + Level 6.2 Slings
 + Level 6.2 Bows
 + Level 6.2 Crossbows
 + Level 6.2 Throwing
 + Level 9.1 Armour
 + Level 6.2 Dodging
 + Level 6.2 Stealth
 + Level 10.0 Shields
 + Level 6.2 Unarmed Combat
 + Level 6.2 Spellcasting
 + Level 5.1 Conjurations
 + Level 5.1 Hexes
 + Level 5.1 Summonings
 + Level 5.1 Necromancy
 + Level 5.1 Translocations
 + Level 5.1 Transmutations
 + Level 5.1 Fire Magic
 + Level 5.1 Ice Magic
 + Level 5.1 Air Magic
 + Level 5.1 Earth Magic
 + Level 5.1 Poison Magic
 + Level 6.8 Invocations
 + Level 6.2 Evocations


You had 22 spell levels left.
You didn't know any spells.
Your spell library contained the following spells:

 Spells                   Type           Power      Damage    Failure   Level
 Animate Skeleton         Necr           10%        N/A       22%         1
 Apportation              Tloc           10%        N/A       22%         1
 Pain                     Necr           20%        1d5       22%         1
 Summon Small Mammal      Summ           20%        N/A       22%         1
 Blink                    Tloc           10%        N/A       32%         2
 Ensorcelled Hibernation  Hex/Ice        10%        N/A       32%         2
 Static Discharge         Conj/Air       5%         N/A       32%         2
 Sublimation of Blood     Necr           5%         N/A       32%         2
 Wereblood                Tmut           5%         N/A       32%         2
 Lesser Beckoning         Tloc           5%         N/A       54%         3
 Spider Form              Tmut/Pois      5%         N/A       54%         3
 Anguish                  Hex/Necr       2%         N/A       91%         4
 Dispel Undead            Necr           5%         3d7       91%         4
 Sticky Flame             Conj/Fire      5%         2d3       91%         4
 Agony                    Necr           5%         N/A       99%         5
 Excruciating Wounds      Necr           2%         N/A       99%         5
 Manifold Assault         Tloc           5%         N/A       99%         5
 Summon Hydra             Summ           2%         N/A       100%        7


Dungeon Overview and Level Annotations

Branches:
Dungeon (9/15)             Temple (1/1) D:4            Lair (2/6) D:9
  Swamp: Lair:2-4    Shoals: Lair:2-4     Snake: Lair:2-4    Spider: Lair:2-4
    Orc: D:9-12

Altars:
Ashenzari
Dithmenos
Kikubaaqudgha
Makhleb
Nemelex Xobeh
Qazlal
Uskayaw
Wu Jian
Xom

Shops:
D:3 !   D:8 :

Portals:
Ice
Cave: Lair:1

Annotations:
D:5 3 runed translucent doors, MrOwl's ghost, amateur GrFi


Innate Abilities, Weirdness & Mutations

You have very sharp teeth.
Your uncanny sense of smell can sniff out nearby items.
Your experience applies equally to all skills.
Your body often deteriorates upon taking damage.
You are dopey. (Int -2)
You are very frail. (-20% HP)
You have an increased reservoir of magic. (+10% MP)
You expend magic power (3 MP) to strengthen your wands.


Message History

The yak gores your butterfly!
Your butterfly dies!
Your butterfly disappears in a puff of smoke!
Something barely misses your butterfly.
Your butterfly disappears in a puff of smoke!
Your butterfly disappears in a puff of smoke!
Your butterfly disappears in a puff of smoke!
A cane toad comes into view.
Your butterfly disappears in a puff of smoke! "This might be better!"
Your butterfly evaporates and reforms as a goblin!
The yak gores you!
You feel threatened and lose the ability to read scrolls!
* * * LOW HITPOINT WARNING * * *
Your body deteriorates!
You feel dopey. The yak closely misses you.
The cane toad stings you but does no damage.
You can read scrolls again.
As you read the scroll of teleportation, it crumbles to dust.
You feel strangely unstable. "Let me alter your body."
Your body is suffused with distortional energy.
Your vision seems duller.
You can once more read scrolls while threatened.
You feel your magical essence link to the dungeon's wands.
You feel frail. The cane toad closely misses you.
Your goblin barely misses the yak.
The cane toad stings you.
* * * LOW HITPOINT WARNING * * *
You are lethally poisoned!
The cane toad poisons you!
* * * LOW HITPOINT WARNING * * *
You feel very sick.
Your goblin disappears in a puff of smoke!
Unknown command.
It was a potion of flight.
You feel more buoyant.
Xom is highly amused!
You die...
Xom thinks this is hilarious!

.P...............)............
.P####.#P##................#...
.## #######..##.#####...##.... .#
#...#.## #....# #..# .# ##...##
##...###..# .#### ## #....###
#...##...#
..#.#.#.###...##.#####....##..#
................###.§.....##..###
..###...........@F......÷........
.#.#P.[###.......Y...##.÷....÷...
.###.... ##..†.##...#####..###...
..# #..# ##...###...## #...# ##..
.## #..# #.....##....# ##..# ##.
.# #..# #.....#P...P# #... #.
Y####..# #.....#....## ...## ..
.PP#P.b####.....#...# ##... .#.
..b#.b.b............####P... ....


You could see a yak and a cane toad.

Vanquished Creatures
  2 two-headed ogres
  A gargoyle (D:7)
  2 cane toads (Lair:2)
  3 polar bears (Lair:1)
  3 blink frogs (Lair:1)
  Grinder (D:4)
  15 yaks
  A steam dragon (D:8)
  3 water moccasins
  A hornet zombie (D:7)
  A sky beast (D:8)
  An orc warrior (D:9)
  An ice beast (D:7)
  5 black bears
  3 centaurs
  2 kobold brigands
  2 bullfrogs
  4 scorpions
  5 killer bees (D:9)
  2 centaur zombies
  2 hounds
  A jelly (D:9)
  2 gnoll shamans
  2 orc priests
  A centaur skeleton (D:7)
  8 orc wizards
  An iguana (D:4)
  A hound zombie (D:5)
  2 howler monkey zombies
  18 gnolls
  7 adders
  A shadow imp (D:5)
  A white imp (D:5)
  3 worms
  2 dart slugs (D:1)
  11 orcs
  8 ball pythons
  5 bats
  6 endoplasms
  6 giant cockroaches
  6 goblins
  7 hobgoblins
  7 jackals
  A quokka (D:1)
  3 frilled lizards
  15 kobolds
  5 rats
  A butterfly (D:4)
191 creatures vanquished.

Vanquished Creatures (others)
  A yak (Lair:2)
  Menkaure (D:5)
  A gnoll (D:5)
  10 fungi
  8 plants
21 creatures vanquished.

Grand Total: 212 creatures vanquished

Notes
Turn   | Place    | Note
-------+----------+-------------------------------------------
     0 | D:1      | DearestLeader the Gnoll Fighter began the quest for the
                  | Orb.
     0 | D:1      | Reached XP level 1. HP: 23/23 MP: 1/1
   256 | D:1      | Reached XP level 2. HP: 24/29 MP: 2/2
   550 | D:1      | Found a faded altar of an unknown god.
   627 | D:1      | Reached XP level 3. HP: 32/35 MP: 3/3
  1110 | D:2      | Reached skill level 1 in Invocations
  1238 | D:2      | Identified the -2 pair of boots of Makhleb's Whim {Rampage
                  | Int+2}
  1596 | D:2      | Reached skill level 1 in Short Blades
  1596 | D:2      | Reached skill level 1 in Long Blades
  1596 | D:2      | Reached skill level 1 in Maces & Flails
  1596 | D:2      | Reached skill level 1 in Polearms
  1596 | D:2      | Reached skill level 1 in Staves
  1596 | D:2      | Reached skill level 1 in Slings
  1596 | D:2      | Reached skill level 1 in Bows
  1596 | D:2      | Reached skill level 1 in Crossbows
  1596 | D:2      | Reached skill level 1 in Throwing
  1596 | D:2      | Reached skill level 1 in Dodging
  1596 | D:2      | Reached skill level 1 in Stealth
  1596 | D:2      | Reached skill level 1 in Unarmed Combat
  1596 | D:2      | Reached skill level 1 in Spellcasting
  1596 | D:2      | Reached skill level 1 in Evocations
  2085 | D:2      | Reached XP level 4. HP: 40/41 MP: 5/5
  2678 | D:3      | Found Exiury's Distillery.
  2684 | D:3      | Bought a potion of heal wounds for 70 gold pieces
  3074 | D:4      | Found a staircase to the Ecumenical Temple.
  3081 | Temple   | Entered the Ecumenical Temple
  3192 | Temple   | Became a worshipper of Xom of Chaos
  3243 | D:4      | Noticed Grinder
  3258 | D:4      | Killed Grinder
  3259 | D:4      | Reached skill level 1 in Conjurations
  3259 | D:4      | Reached skill level 1 in Hexes
  3259 | D:4      | Reached skill level 1 in Summonings
  3259 | D:4      | Reached skill level 1 in Necromancy
  3259 | D:4      | Reached skill level 1 in Translocations
  3259 | D:4      | Reached skill level 1 in Transmutations
  3259 | D:4      | Reached skill level 1 in Fire Magic
  3259 | D:4      | Reached skill level 1 in Ice Magic
  3259 | D:4      | Reached skill level 1 in Air Magic
  3259 | D:4      | Reached skill level 1 in Earth Magic
  3259 | D:4      | Reached skill level 1 in Poison Magic
  3259 | D:4      | Reached XP level 5. HP: 14/47 MP: 5/7
  3259 | D:4      | Reached XP level 6. HP: 16/53 MP: 5/8
  3395 | D:4      | XOM: silly message
  3468 | D:4      | XOM: silly message
  3504 | D:4      | XOM: silly message
  3583 | D:5      | Entered Level 5 of the Dungeon
  3598 | D:4      | XOM: silly message
  3610 | D:4      | XOM: potion effect (might)
  3694 | D:3      | XOM: silly message
  3777 | D:4      | XOM: noise
  3782 | D:4      | XOM: potion effect (curing)
  3786 | D:4      | Reached skill level 5 in Axes
  3873 | D:4      | XOM: 6-stop teleportation journey
  4059 | D:4      | Identified the +4 scimitar of Greed {venom, rN+}
  4355 | D:4      | Noticed a yak
  4355 | D:4      | Noticed a yak
  4355 | D:4      | Noticed a yak
  4355 | D:4      | XOM: cast spell 'Cause Fear'
  4371 | D:4      | XOM: noise
  4378 | D:4      | XOM: smoke on damage
  4379 | D:4      | Killed a yak
  4380 | D:4      | Reached skill level 7 in Shields
  4380 | D:4      | Reached XP level 7. HP: 43/60 MP: 10/10
  4461 | D:4      | Noticed a yak
  4464 | D:4      | XOM: enchant monster (good)
  4466 | D:4      | XOM: summons friendly crimson imp
  4467 | D:4      | Noticed a yak
  4472 | D:4      | XOM: swap monsters
  4473 | D:4      | XOM: chaos cloud
  4474 | D:4      | Killed a yak
  4488 | D:4      | Killed a yak
  4491 | D:4      | XOM: enchant monster (good)
  4491 | D:4      | Killed a yak
  4492 | D:4      | Reached XP level 8. HP: 34/67 MP: 10/12
  4493 | D:4      | Killed a yak
  4681 | D:4      | XOM: divination: detect items
  5504 | D:5      | XOM: summons friendly crimson imp
  5505 | D:5      | Noticed Menkaure
  5534 | D:5      | Killed Menkaure
  5964 | D:5      | Found a runed translucent gate.
  5965 | D:5      | Found a runed translucent gate.
  5965 | D:5      | Found a runed translucent gate.
  5966 | D:5      | Noticed MrOwl's ghost (amateur GrFi)
  5970 | D:5      | Identified a scroll of acquirement
  5977 | D:5      | Acquired a +0 kite shield of reflection
  6070 | D:5      | XOM: god gift: twisted helmet {god gift}
  6070 | D:5      | Identified the +0 helmet of the Iron Devil {Rampage rPois
                  | rF+ rC-} (Xom gifted it to you on level 5 of the Dungeon)
  6077 | D:6      | Reached XP level 9. HP: 60/73 MP: 14/14
  6436 | D:6      | XOM: enchant monster (bad)
  7030 | D:7      | XOM: summons friendly iron imp
  7198 | D:7      | XOM: divination: magic mapping
  7302 | D:7      | Noticed a gargoyle
  7440 | D:8      | XOM: 3-stop teleportation journey
  7688 | D:8      | XOM: god gift: 30 gold pieces
  7770 | D:8      | XOM: 1-stop teleportation journey
  7851 | D:8      | Reached skill level 8 in Shields
  7877 | D:8      | Noticed a two-headed ogre
  7887 | D:8      | XOM: god gift: 736 gold pieces
  7896 | D:8      | Killed a two-headed ogre
  7897 | D:8      | Reached skill level 5 in Invocations
  8025 | D:8      | Identified the ring of the Burgomaster {Fly rCorr Dex+2}
                  | (Xom gifted it to you on level 8 of the Dungeon)
  8025 | D:8      | XOM: god gift: ring of the Burgomaster {Fly rCorr Dex+2}
  8199 | D:8      | Found a stormy altar of Qazlal.
  8286 | D:8      | Found Loecsaq's Self-Improvement Boutique.
  8296 | D:8      | Bought a manual of Shields for 880 gold pieces
  8311 | D:8      | XOM: god gift: +2 cloak of willpower
  8338 | D:8      | Reached XP level 10. HP: 80/80 MP: 17/17
  8451 | D:9      | XOM: fake destruction
  8495 | D:9      | Found a staircase to the Lair.
  8496 | D:9      | XOM: fog
  8504 | D:9      | Reached skill level 5 in Short Blades
  8504 | D:9      | Reached skill level 5 in Long Blades
  8504 | D:9      | Reached skill level 5 in Maces & Flails
  8504 | D:9      | Reached skill level 5 in Polearms
  8504 | D:9      | Reached skill level 5 in Staves
  8504 | D:9      | Reached skill level 5 in Slings
  8504 | D:9      | Reached skill level 5 in Bows
  8504 | D:9      | Reached skill level 5 in Crossbows
  8504 | D:9      | Reached skill level 5 in Throwing
  8504 | D:9      | Reached skill level 5 in Dodging
  8504 | D:9      | Reached skill level 5 in Stealth
  8504 | D:9      | Reached skill level 5 in Unarmed Combat
  8504 | D:9      | Reached skill level 5 in Spellcasting
  8504 | D:9      | Reached skill level 5 in Evocations
  8667 | D:9      | Noticed a two-headed ogre
  8670 | D:9      | XOM: summons friendly iron imp
  8678 | D:9      | XOM: scenery: 1 doors open, 1 doors close
  8682 | D:9      | Killed a two-headed ogre
  8761 | D:9      | XOM: 7-stop teleportation journey
  8762 | D:9      | XOM: summons friendly iron imp
  8774 | D:9      | XOM: polymorph killer bee -> jelly
  8781 | D:9      | XOM: enchant monster (good)
  8813 | D:9      | XOM: stat loss: -1 Int (7/8)
  9022 | D:9      | XOM: give mutations
  9022 | D:9      | Gained mutation: You have an increased reservoir of magic.
                  | (+10% MP) [Xom's mischief]
  9022 | D:9      | Gained mutation: Your body sometimes deteriorates upon
                  | taking damage. [Xom's mischief]
  9178 | D:9      | XOM: give mutations
  9178 | D:9      | Gained mutation: You sometimes lose the ability to read
                  | scrolls when taking damage. [Xom's mischief]
  9178 | D:9      | Gained mutation: You are dopey. (Int -2) [Xom's mischief]
  9178 | D:9      | Gained mutation: You are frail. (-10% HP) [Xom's mischief]
  9272 | D:9      | XOM: give mutations
  9272 | D:9      | Gained mutation: You have supernaturally acute eyesight.
                  | (SInv) [Xom's mischief]
  9272 | D:9      | Gained mutation: Your body often deteriorates upon taking
                  | damage. [Xom's mischief]
  9280 | D:9      | Reached skill level 9 in Shields
  9756 | D:7      | Killed a gargoyle
  9796 | Lair:1   | Entered Level 1 of the Lair of Beasts
 10210 | Lair:1   | XOM: divination: magic mapping
 10225 | Lair:1   | XOM: repel stairs
 10234 | Lair:1   | Reached XP level 11. HP: 45/78 MP: 21/21
 10268 | Lair:1   | Found a frozen archway.
 10272 | Lair:1   | XOM: noise
 10545 | Lair:2   | XOM: cast spell 'Olgreb's Toxic Radiance'
 10555 | Lair:2   | XOM: divination: detect items
 10559 | Lair:2   | Reached skill level 5 in Conjurations
 10559 | Lair:2   | Reached skill level 5 in Hexes
 10559 | Lair:2   | Reached skill level 5 in Summonings
 10559 | Lair:2   | Reached skill level 5 in Necromancy
 10559 | Lair:2   | Reached skill level 5 in Translocations
 10559 | Lair:2   | Reached skill level 5 in Transmutations
 10559 | Lair:2   | Reached skill level 5 in Fire Magic
 10559 | Lair:2   | Reached skill level 5 in Ice Magic
 10559 | Lair:2   | Reached skill level 5 in Air Magic
 10559 | Lair:2   | Reached skill level 5 in Earth Magic
 10559 | Lair:2   | Reached skill level 5 in Poison Magic
 10911 | Lair:2   | XOM: divination: detect creatures
 11054 | Lair:2   | XOM: noise
 11058 | Lair:2   | XOM: cast spell 'Olgreb's Toxic Radiance'
 11065 | Lair:2   | XOM: confuse monster(s)
 11079 | Lair:2   | XOM: noise
 11079 | Lair:2   | HP: 3/80 [yak (7)]
 11080 | Lair:2   | Reached skill level 10 in Shields
 11103 | Lair:2   | XOM: divination: detect items
 11123 | Lair:2   | XOM: scenery: summon butterflies
 11156 | Lair:2   | XOM: polymorph butterfly -> goblin
 11162 | Lair:2   | XOM: give mutations
 11162 | Lair:2   | Lost mutation: You have supernaturally acute eyesight.
                  | (SInv) [Xom's mischief]
 11162 | Lair:2   | Lost mutation: You sometimes lose the ability to read
                  | scrolls when taking damage. [Xom's mischief]
 11162 | Lair:2   | Gained mutation: You expend magic power (3 MP) to
                  | strengthen your wands. [Xom's mischief]
 11162 | Lair:2   | Gained mutation: You are very frail. (-20% HP) [Xom's
                  | mischief]
 11163 | Lair:2   | HP: 1/71 [poisoned by a cane toad]
 11164 | Lair:2   | Succumbed to a cane toad's poison

Illustrated notes

Levels and vault maps discovered:
D:1:      grunt_arrival_crossed_arrows, layout_loops_ring,
          nicolae_ecumenical_snake_handling
D:2:      layout_basic
D:3:      layout_basic, serial_shops, shop_fountains,
          chequers_serial_rivers_large_b
D:4:      layout_loops_cross, minmay_temple_entry_butterflies,
          kennysheep_opposing_triangles, uniq_grinder
D:5:      layout_gridville, ebering_ghost_rock_garden, grunt_ministairs_10,
          uniq_menkaure
D:6:      layout_rooms
D:7:      layout_loops_ring, kennysheep_decorative_pillar, chequers_mini_garden
D:8:      layout_basic, mainiacjoe_overflow_cross_hatched,
          nicolae_shop_self_help
D:9:      layout_roguey, grunt_lair_entry_orc_guard_hut
Temple:   roderic_octagonal_lattice_temple
Lair:1:   beast_lair_carwin_large_1, layout_regular_city,
          portal_ice_cave_demonic_guard, chequers_serial_rivers_large_a,
          st_stairs_9, uniq_prince_ribbit2
Lair:2:   layout_small_grid

Skill      XL: |  1  2  3  4  5  6  7  8  9 10 11 |
---------------+----------------------------------+-----
Invocations    | 1 2 3 4 5 6 |  6.8
Short Blades   | 1 2 3 4 5 6 |  6.2
Long Blades    | 1 2 3 4 5 6 |  6.2
Maces & Flails | 1 2 3 4 5 6 |  6.2
Polearms       | 1 2 3 4 5 6 |  6.2
Staves         | 1 2 3 4 5 6 |  6.2
Slings         | 1 2 3 4 5 6 |  6.2
Bows           | 1 2 3 4 5 6 |  6.2
Crossbows      | 1 2 3 4 5 6 |  6.2
Throwing       | 1 2 3 4 5 6 |  6.2
Dodging        | 1 2 3 4 5 6 |  6.2
Stealth        | 1 2 3 4 5 6 |  6.2
Unarmed Combat | 1 2 3 4 5 6 |  6.2
Spellcasting   | 1 2 3 4 5 6 |  6.2
Evocations     | 1 2 3 4 5 6 |  6.2
Conjurations   | 1 2 3 4 5 |  5.1
Hexes          | 1 2 3 4 5 |  5.1
Summonings     | 1 2 3 4 5 |  5.1
Necromancy     | 1 2 3 4 5 |  5.1
Translocations | 1 2 3 4 5 |  5.1
Transmutations | 1 2 3 4 5 |  5.1
Fire Magic     | 1 2 3 4 5 |  5.1
Ice Magic      | 1 2 3 4 5 |  5.1
Air Magic      | 1 2 3 4 5 |  5.1
Earth Magic    | 1 2 3 4 5 |  5.1
Poison Magic   | 1 2 3 4 5 |  5.1
Axes           | 5 6 7 |  7.8
Fighting       | 7 8 9 |  9.1
Armour         | 7 8 9 |  9.1
Shields        | 7 8 9 10 | 10.0

Action                   |  1- 3 |  4- 6 |  7- 9 | 10-12 || total
-------------------------+-------+-------+-------+-------++-------
Melee: War axe           |   102 |    86 |       |       ||   188
       Bite              |     7 |     7 |    21 |    28 ||    63
       Scimitar          |       |     7 |   182 |   203 ||   392
Evoke: Wand              |       |       |     3 |       ||     3
  Use: Potion            |       |     2 |     1 |     4 ||     7
       Scroll            |       |     5 |     3 |     9 ||    17
 Stab: Petrified         |       |       |     3 |       ||     3
       Invisible         |       |       |     1 |       ||     1
       Distracted        |       |       |     3 |       ||     3
       Sleeping          |       |       |     2 |     4 ||     6
       Confused          |       |       |       |     1 ||     1
Armor: Scale mail        |    43 |    30 |    79 |   112 ||   264
Dodge: Dodged            |    43 |    45 |    92 |   141 ||   321
Block: Buckler           |    34 |    38 |    20 |       ||    92
       Kite shield       |       |       |    70 |   174 ||   244
       Reflection        |       |       |     6 |     1 ||     7
